 Dungeon Crawl Stone Soup version 0.18.1-1-g2f07953 (webtiles) character file.

670 Iflex the Poker (level 7, -1/59 HPs)
             Began as a Merfolk Skald on Oct 14, 2016.
             Slain by a worker ant (3 damage)
             ... on level 4 of the Dungeon.
             The game lasted 00:20:44 (4559 turns).

Iflex the Poker (Merfolk Skald)                     Turns: 4559, Time: 00:20:45

Health: -1/59      AC:  6    Str: 14    XL:     7   Next: 58%
Magic:  3/11       EV: 13    Int:  9    God:
Gold:   155        SH:  0    Dex: 10    Spells: 5 memorised, 1 level left

rFire  + . .     SeeInvis .     l - +0 trident
rCold  . . .     Gourm    .     d - +0 leather armour
rNeg   . . .     Faith    .     (no shield)
rPois  .         Spirit   .     (no helmet)
rElec  .         Dismiss  .     m - +0 cloak
rCorr  .         Reflect  .     (no gloves)
SustAt .         Harm     .     v - +0 pair of boots
MR     .....                    (no amulet)
Stlth  +.........               (no ring)
                                p - ring of protection from fire

@: lethally poisoned (-1 -> -3), very slightly contaminated, not resistant to
hostile enchantments, very unstealthy
A: change form in water, swift swim, molten scales 1, clumsy 2, dopey 1, robust
1
a: no special abilities


You were on level 4 of the Dungeon.
You were full.

You visited 1 branch of the dungeon, and saw 5 of its levels.

You collected 155 gold pieces.

Inventory:

Hand Weapons
 a - a +0 spear
 l - a +0 trident (weapon)
Missiles
 n - 2 tomahawks (quivered)
Armour
 b - a +0 leather armour
 d - a +0 leather armour (worn)
 m - a +0 cloak (worn)
 v - a +0 pair of boots (worn)
Jewellery
 p - a ring of protection from fire (left hand)
Scrolls
 e - 2 scrolls of blinking {unknown}
 f - 4 scrolls of teleportation
 i - 2 scrolls of remove curse
 j - a scroll of immolation
 o - a scroll of amnesia {unknown}
 q - a scroll of recharging {unknown}
 t - 2 scrolls of random uselessness
 w - 3 scrolls of identify
Potions
 h - a potion of might
 s - a potion of magic
Books
 c - a book of Battle

   Spells                             Type                      Level
   a - Infusion                       Charms                       1
   b - Shroud of Golubria             Charms/Translocation         2
   c - Song of Slaying                Charms                       2
   d - Spectral Weapon                Hexes/Charms                 3
   e - Regeneration                   Charms/Necromancy            3
Comestibles
 g - 3 meat rations
 k - a chunk of flesh
 r - a bread ration
 u - a slice of pizza


   Skills:
 + Level 4.0 Fighting
 + Level 5.4 Polearms
 + Level 2.5 Armour
 + Level 5.4 Dodging
 + Level 1.3 Stealth
 + Level 3.0 Spellcasting
 + Level 0.6 Hexes
 + Level 4.1 Charms


You had one spell level left.
You knew the following spells:

 Your Spells              Type           Power        Failure   Level  Hunger
a - Infusion              Chrm           #...         10%         1    ##.....
b - Song of Slaying       Chrm           #.......     12%         2    ###....
c - Regeneration          Chrm/Necr      #.........   56%         3    ####...
d - Shroud of Golubria    Chrm/Tloc      #.........   28%         2    ###....
e - Spectral Weapon       Hex/Chrm       #.......     43%         3    ####...


Dungeon Overview and Level Annotations

Branches:
Dungeon (5/15)
 Temple: D:4-7

Altars:
Fedhas
Nemelex Xobeh
Pakellas
Sif Muna

Annotations:
D:5 Blork the orc


Innate Abilities, Weirdness & Mutations

You revert to your normal form in water.
You are very nimble and swift while swimming.
You are partially covered in molten scales (AC +1).
You are very clumsy. (Dex -4)
You are dopey. (Int -2)
You are robust (+10% HP).


Message History

The jackal bites you but does no damage.
The worker ant bites you but does no damage.
As you read the scroll labeled OSOR PYRUVU, it crumbles to dust.
You experience a momentary feeling of inescapable doom!
It was a scroll of random uselessness.
The jackal bites you but does no damage.
The worker ant closely misses you. The jackal barely misses you.
As you read the scroll labeled DEQEAM YFIDI, it crumbles to dust.
You feel as if something is helping you.
It was a scroll of remove curse.
You are no longer magically infusing your attacks.
The worker ant bites you but does no damage.
The jackal closely misses you.
Eat which item? (? for menu, Esc to quit)
You feel sick. The worker ant barely misses you. The jackal bites you.
* * * LOW HITPOINT WARNING * * *
The worker ant closely misses you.
You continue eating.
The jackal misses you. The worker ant bites you.
You die...

##########
#........#
#........#
#........#
#........#
#######........###
#@a............'..
#h#####........###
#.# ##....#### #.#
#....#
#.######....######
#[................
#.................
#........###.#####
#........# #.#.###


You could see a worker ant (inner flame) and a jackal (inner flame).

Vanquished Creatures
  A water moccasin (D:4)
  The ghost of WinterSpartan the Skirmisher, an amateur DsAK of Lugonu (D:4)
  A centaur (D:4)
  A hound (D:4)
  3 orc wizards
  Crazy Yiuf (D:2)
  An orc priest (D:4)
  A worker ant (D:4)
  A hound skeleton (D:4)
  6 adders
  A gnoll (D:1)
  3 oozes
  An adder skeleton (D:4)
  7 worms
  2 dart slugs
  3 giant geckos
  6 orcs
  8 bats
  4 giant cockroaches
  7 goblins
  7 hobgoblins
  6 jackals
  2 giant newts
  6 kobolds
  9 rats
89 creatures vanquished.

Vanquished Creatures (others)
  A spectral weapon (D:4)
1 creature vanquished.

Grand Total: 90 creatures vanquished

Notes
Turn   | Place    | Note
--------------------------------------------------------------
     0 | D:1      | Iflex the Merfolk Skald began the quest for the Orb.
     0 | D:1      | Reached XP level 1. HP: 16/16 MP: 3/3
   143 | D:1      | Reached XP level 2. HP: 19/22 MP: 5/5
   390 | D:1      | Reached XP level 3. HP: 23/28 MP: 1/6
   566 | D:1      | Gained mutation: You are partially covered in molten scales (AC +1). [potion of beneficial mutation]
   570 | D:1      | Learned a level 2 spell: Song of Slaying
   574 | D:1      | Learned a level 3 spell: Regeneration
   750 | D:2      | Reached skill level 1 in Armour
   817 | D:2      | Noticed Crazy Yiuf
   851 | D:2      | Killed Crazy Yiuf
   851 | D:2      | Reached XP level 4. HP: 12/34 MP: 0/7
  1011 | D:2      | Learned a level 2 spell: Shroud of Golubria
  1134 | D:2      | Found a blossoming altar of Fedhas.
  1545 | D:2      | Reached XP level 5. HP: 40/40 MP: 7/9
  2863 | D:3      | Reached XP level 6. HP: 23/47 MP: 6/10
  3303 | D:4      | Noticed a water moccasin
  3323 | D:4      | Killed a water moccasin
  3329 | D:4      | Gained mutation: You are robust (+10% HP). [potion of mutation]
  3329 | D:4      | Gained mutation: You are clumsy. (Dex -2) [potion of mutation]
  3330 | D:4      | Gained mutation: You are dopey. (Int -2) [potion of mutation]
  3330 | D:4      | Gained mutation: You are very clumsy. (Dex -4) [potion of mutation]
  3502 | D:4      | Reached skill level 5 in Polearms
  3591 | D:4      | Reached XP level 7. HP: 33/58 MP: 11/11
  3818 | D:4      | Reached skill level 5 in Dodging
  3826 | D:4      | Learned a level 3 spell: Spectral Weapon
  4163 | D:4      | Noticed WinterSpartan's ghost (amateur DsAK)
  4182 | D:4      | Killed WinterSpartan's ghost
  4248 | D:4      | Reached skill level 1 in Stealth
  4457 | D:4      | Found an oddly glowing altar of Pakellas.
  4463 | D:4      | Found a deep blue altar of Sif Muna.
  4466 | D:4      | Found a sparkling altar of Nemelex Xobeh.
  4538 | D:5      | Entered Level 5 of the Dungeon
  4538 | D:5      | Noticed Blork the orc
  4558 | D:4      | HP: 2/59 [jackal (1)]
  4559 | D:4      | Slain by a worker ant

Skill      XL: |  1  2  3  4  5  6  7 |
---------------+----------------------+-----
Dodging        | 2 3 4 5 |  5.4
Armour         | 1 2 |  2.5
Polearms       | 4 5 |  5.4
Fighting       | 3 4 |  4.0
Charms         | 4 |  4.1
Spellcasting   | 3 |  3.0
Stealth        | 1 |  1.3
Hexes          | |  0.6

Action                   |  1- 3 |  4- 6 |  7- 9 || total
-------------------------+-------+-------+-------++-------
Melee: Spear             |   123 |    27 |       ||   150
       Trident           |       |   228 |    82 ||   310
 Cast: Infusion          |     5 |     7 |     3 ||    15
       Regeneration      |     1 |       |     1 ||     2
       Song of Slaying   |       |     2 |       ||     2
       Shroud of Golubri |       |       |     3 ||     3
       Spectral Weapon   |       |       |     1 ||     1
  Use: Scroll            |     2 |     2 |     4 ||     8
       Potion            |     1 |     5 |       ||     6
 Stab: Sleeping          |     2 |       |       ||     2
       Distracted        |       |       |     1 ||     1
  Eat: Chunk             |       |     4 |       ||     4
       Bread ration      |       |     1 |     1 ||     2
       Beef jerky        |       |     1 |       ||     1
       Meat ration       |       |       |     1 ||     1
Armor: Leather armour    |    19 |    61 |    29 ||   109
       Skin              |       |     4 |       ||     4
Dodge: Dodged            |    67 |   175 |    66 ||   308
